SNL (28 & UNDER)
GAINESVILLE GUIDOS @ SANTA FE DIABLOS
09/17/2025
 
TOP OF THE 1ST
Gainesville Guidos batting - Pitching for Santa Fe Diablos : RHP Larry Jenkins
Pitching: RHP Larry Jenkins
Batting: RHB Kyle O'Day 0-0: Called Strike
0-1: Ground out 1-3 (Groundball, 13S)
Batting: RHB Kurt Walter 0-0: Called Strike
0-1: SOLO HOME RUN (Flyball, 8LXD), Distance : 428 ft
Batting: LHB Ed Murray 0-0: Ball
1-0: Foul Ball, location: 2F
1-1: Swinging Strike
1-2: Foul Ball, location: 2F
1-2: Ground out 4-3 (Groundball, 4)
Batting: LHB António Cedeño 0-0: Ball
1-0: Ball
2-0: Ground out 4-3 (Groundball, 4)
Top of the 1st over - 1 run(s), 1 hit(s), 0 error(s), 0 left on base; Gainesville 1 - Santa Fe 0
BOTTOM OF THE 1ST
Santa Fe Diablos batting - Pitching for Gainesville Guidos : RHP Ronald Adams
Pitching: RHP Ronald Adams
Batting: SHB Pancho Vásquez 0-0: Called Strike
0-1: Ball
1-1: Foul Ball, location: 2F
1-2: Strikes out swinging
Batting: LHB Gary Kern 0-0: Ball
1-0: Called Strike
1-1: Fly out, F9 (Flyball, 89M)
Batting: RHB Lee Price 0-0: Ball
1-0: SINGLE (Groundball, 56)
Batting: RHB José Alvarado 0-0: Ball
1-0: Fly out, F4 (Line Drive, 4)
Bottom of the 1st over - 0 run(s), 1 hit(s), 0 error(s), 1 left on base; Gainesville 1 - Santa Fe 0
TOP OF THE 2ND
Gainesville Guidos batting - Pitching for Santa Fe Diablos : RHP Larry Jenkins
Batting: RHB Ben Morton 0-0: Called Strike
0-1: Ball
1-1: Ball
2-1: Ground out 5-3 (Groundball, 5S)
Batting: LHB Eddy Jefferson 0-0: Ball
1-0: Ball
2-0: Called Strike
2-1: Ball
3-1: SINGLE (Groundball, 4M)
Batting: RHB Iván Moreno 0-0: Fielders Choice at 2nd, 3-6 (Groundball, 34)
Batting: RHB Tetsunori Ito 0-0: Ball
1-0: SINGLE (Line Drive, 7LS)
Iván Moreno to second
Batting: RHB Dave Hall 0-0: Ball
1-0: Fly out, F4 (Popup, 34)
Top of the 2nd over - 0 run(s), 2 hit(s), 0 error(s), 2 left on base; Gainesville 1 - Santa Fe 0
BOTTOM OF THE 2ND
Santa Fe Diablos batting - Pitching for Gainesville Guidos : RHP Ronald Adams
Batting: LHB Roberto Lozano 0-0: Swinging Strike
0-1: Foul Ball, location: 2F
0-2: Ground out 6-3 (Groundball, 6M)
Batting: RHB John Dinkins 0-0: Ball
1-0: Called Strike
1-1: Ground out 6-3 (Groundball, 6M)
Batting: LHB David Hernández 0-0: Called Strike
0-1: Swinging Strike
0-2: Foul Ball, location: 2F
0-2: Ground out 6-3 (Groundball, 6)
Bottom of the 2nd over - 0 run(s), 0 hit(s), 0 error(s), 0 left on base; Gainesville 1 - Santa Fe 0
TOP OF THE 3RD
Gainesville Guidos batting - Pitching for Santa Fe Diablos : RHP Larry Jenkins
Batting: RHB Kyle O'Day 0-0: Called Strike
0-1: DOUBLE (Groundball, 3L)
Batting: RHB Kurt Walter 0-0: DOUBLE (Groundball, 5L)
Kyle O'Day scores
Batting: LHB Ed Murray 0-0: Ball
1-0: Foul Ball, location: 2F
1-1: Ball
2-1: Ground out 4-3 (Groundball, 34)
Kurt Walter to third
Batting: LHB António Cedeño 0-0: Called Strike
0-1: Foul Ball, location: 2F
0-2: Ground out U3 (Groundball, 3S)
Batting: RHB Ben Morton 0-0: Swinging Strike
0-1: Foul Ball, location: 2F
0-2: Fly out, F8 (Flyball, 8LD)
Top of the 3rd over - 1 run(s), 2 hit(s), 0 error(s), 1 left on base; Gainesville 2 - Santa Fe 0
BOTTOM OF THE 3RD
Santa Fe Diablos batting - Pitching for Gainesville Guidos : RHP Ronald Adams
Batting: RHB Michael Anderson 0-0: Called Strike
0-1: SOLO HOME RUN (Flyball, 7D), Distance : 340 ft
Batting: RHB Ray Davis 0-0: Ball
1-0: Ball
2-0: Foul Ball, location: 2F
2-1: Foul Ball, location: 2F
2-2: Strikes out looking
Batting: SHB Pancho Vásquez 0-0: Ball
1-0: Foul Ball, location: 2F
1-1: Ball
2-1: Called Strike
2-2: Strikes out looking
Batting: LHB Gary Kern 0-0: Called Strike
0-1: Swinging Strike
0-2: Foul Ball, location: 2F
0-2: Strikes out swinging
Bottom of the 3rd over - 1 run(s), 1 hit(s), 0 error(s), 0 left on base; Gainesville 2 - Santa Fe 1
TOP OF THE 4TH
Gainesville Guidos batting - Pitching for Santa Fe Diablos : RHP Larry Jenkins
Batting: LHB Eddy Jefferson 0-0: Swinging Strike
0-1: Foul Ball, location: 2F
0-2: Ball
1-2: Ball
2-2: Foul Ball, location: 2F
2-2: SINGLE (Groundball, 5D)
Batting: RHB Iván Moreno 0-0: Ball
1-0: Swinging Strike
1-1: SINGLE (Flyball, 6MD)
Eddy Jefferson to second
Batting: RHB Tetsunori Ito 0-0: Ball
Eddy Jefferson is caught stealing 3rd base
Iván Moreno to second
1-0: Called Strike
Iván Moreno is caught stealing 3rd base
1-1: Fly out, F9 (Line Drive, 9M)
Top of the 4th over - 0 run(s), 2 hit(s), 0 error(s), 0 left on base; Gainesville 2 - Santa Fe 1
BOTTOM OF THE 4TH
Santa Fe Diablos batting - Pitching for Gainesville Guidos : RHP Ronald Adams
Batting: RHB Lee Price 0-0: Called Strike
0-1: Called Strike
0-2: SINGLE (Groundball, 56D)
Batting: RHB José Alvarado 0-0: Ball
1-0: Fly out, F8 (Flyball, 89S)
Batting: LHB Roberto Lozano 0-0: Called Strike
0-1: Fly out, F8 (Flyball, 8LM)
Batting: RHB John Dinkins 0-0: Swinging Strike
0-1: Swinging Strike
0-2: Foul Ball, location: 2F
0-2: Ball
1-2: Ball
2-2: Ball
3-2: Strikes out swinging
Bottom of the 4th over - 0 run(s), 1 hit(s), 0 error(s), 1 left on base; Gainesville 2 - Santa Fe 1
TOP OF THE 5TH
Gainesville Guidos batting - Pitching for Santa Fe Diablos : RHP Larry Jenkins
Batting: RHB Dave Hall 0-0: Ball
1-0: Foul Ball, location: 2F
1-1: Ball
2-1: Ball
3-1: Foul Ball, location: 2F
3-2: Fly out, F8 (Flyball, 8LM)
Batting: RHB Kyle O'Day 0-0: Swinging Strike
0-1: Foul Ball, location: 2F
0-2: Ball
1-2: Strikes out swinging
Batting: RHB Kurt Walter 0-0: Fly out, F6 (Popup, 6M)
Top of the 5th over - 0 run(s), 0 hit(s), 0 error(s), 0 left on base; Gainesville 2 - Santa Fe 1
BOTTOM OF THE 5TH
Santa Fe Diablos batting - Pitching for Gainesville Guidos : RHP Ronald Adams
Batting: LHB David Hernández 0-0: Ball
1-0: Ball
2-0: Swinging Strike
2-1: SINGLE (Groundball, 4MD) (infield hit)
Batting: RHB Michael Anderson 0-0: Called Strike
0-1: Ball
1-1: Ball
2-1: Foul Ball, location: 2F
2-2: Ball
David Hernández steals 2nd base
3-2: Strikes out swinging
Batting: RHB Ray Davis 0-0: Called Strike
David Hernández steals 3rd base
0-1: Fly out, F3 (Popup, 3SF)
Batting: SHB Pancho Vásquez 0-0: Ground out 6-3 (Groundball, 6M)
Bottom of the 5th over - 0 run(s), 1 hit(s), 0 error(s), 1 left on base; Gainesville 2 - Santa Fe 1
TOP OF THE 6TH
Gainesville Guidos batting - Pitching for Santa Fe Diablos : RHP Larry Jenkins
Batting: LHB Ed Murray 0-0: Foul Ball, location: 2F
0-1: Ball
1-1: Foul Ball, location: 2F
1-2: Strikes out swinging
Batting: LHB António Cedeño 0-0: Ball
1-0: Ground out U3 (Groundball, 3L)
Batting: RHB Ben Morton 0-0: SINGLE (Line Drive, 9LS)
Batting: LHB Eddy Jefferson 0-0: Ball
1-0: Fly out, F2 (Popup, 25F)
Top of the 6th over - 0 run(s), 1 hit(s), 0 error(s), 1 left on base; Gainesville 2 - Santa Fe 1
BOTTOM OF THE 6TH
Santa Fe Diablos batting - Pitching for Gainesville Guidos : RHP Ronald Adams
Batting: LHB Gary Kern 0-0: Foul Ball, location: 2F
0-1: Ball
1-1: Ball
2-1: Ball
3-1: Called Strike
3-2: Base on Balls
Batting: RHB Lee Price 0-0: Called Strike
0-1: Fly out, F7 (Flyball, 78M)
Batting: RHB José Alvarado 0-0: Called Strike
0-1: Ball
1-1: Foul Ball, location: 2F
1-2: Ball
2-2: Foul Ball, location: 2F
2-2: Grounds into double play, 5-4-3 (Groundball, 5L)
Bottom of the 6th over - 0 run(s), 0 hit(s), 0 error(s), 0 left on base; Gainesville 2 - Santa Fe 1
TOP OF THE 7TH
Gainesville Guidos batting - Pitching for Santa Fe Diablos : RHP Larry Jenkins
Batting: RHB Iván Moreno 0-0: Called Strike
0-1: Ball
1-1: Foul Ball, location: 2F
1-2: Hit by Pitch
Batting: RHB Tetsunori Ito 0-0: SINGLE (Line Drive, 4MD)
Iván Moreno to second
Runner from 2nd tries for 3rd, SAFE, no throw or cutoff
Pinch Hitting: LHB Mark Owens 0-0: Called Strike
0-1: DOUBLE (Line Drive, 89S)
Iván Moreno scores
Tetsunori Ito to third
Batting: RHB Kyle O'Day 0-0: Called Strike
0-1: Ball
1-1: Called Strike
1-2: Foul Ball, location: 2F
1-2: Fly out, F8 (Flyball, 8RS)
Batting: RHB Kurt Walter 0-0: Ground out 5-3 (Groundball, 56)
Batting: LHB Ed Murray 0-0: Ball
1-0: Ground out 1-3 (Groundball, 23)
Top of the 7th over - 1 run(s), 2 hit(s), 0 error(s), 2 left on base; Gainesville 3 - Santa Fe 1
BOTTOM OF THE 7TH
Santa Fe Diablos batting - Pitching for Gainesville Guidos : RHP Ronald Adams
Now at 2B: Mark Owens
Batting: LHB Roberto Lozano 0-0: Ground out U3 (Groundball, 3)
Batting: RHB John Dinkins 0-0: Called Strike
0-1: Fly out, F9 (Flyball, 89D)
Batting: LHB David Hernández 0-0: Foul Ball, location: 2F
0-1: Called Strike
0-2: Foul Ball, location: 2F
0-2: Foul Ball, location: 2F
0-2: Ball
1-2: Foul Ball, location: 2F
1-2: SINGLE (Groundball, 5D)
Batting: RHB Michael Anderson 0-0: Foul Ball, location: 2F
0-1: Swinging Strike
0-2: Ball
1-2: Strikes out swinging
Bottom of the 7th over - 0 run(s), 1 hit(s), 0 error(s), 1 left on base; Gainesville 3 - Santa Fe 1
TOP OF THE 8TH
Gainesville Guidos batting - Pitching for Santa Fe Diablos : RHP Larry Jenkins
Batting: LHB António Cedeño 0-0: Called Strike
0-1: Ground out 6-3 (Groundball, 6M)
Batting: RHB Ben Morton 0-0: Ball
1-0: Called Strike
1-1: Foul Ball, location: 2F
1-2: Foul Ball, location: 2F
1-2: Ball
2-2: Ball
3-2: Foul Ball, location: 2F
3-2: Foul Ball, location: 2F
3-2: Foul Ball, location: 2F
3-2: Ground out 4-3 (Groundball, 4M)
Batting: LHB Eddy Jefferson 0-0: Ball
1-0: Fly out, F6 (Popup, 5DF)
Top of the 8th over - 0 run(s), 0 hit(s), 0 error(s), 0 left on base; Gainesville 3 - Santa Fe 1
BOTTOM OF THE 8TH
Santa Fe Diablos batting - Pitching for Gainesville Guidos : RHP Ronald Adams
Now at C: Scott Young
Now at 1B: Doug Coleman
Batting: RHB Ray Davis 0-0: Ball
1-0: Ball
2-0: Called Strike
2-1: Ball
3-1: Foul Ball, location: 2F
3-2: Foul Ball, location: 2F
3-2: Ground out 6-3 (Groundball, 6)
Pitching: RHP Josh Higgins
Batting: SHB Pancho Vásquez 0-0: Called Strike
0-1: Ground out 6-3 (Groundball, 6)
Batting: LHB Gary Kern 0-0: Ball
1-0: Ball
2-0: Swinging Strike
2-1: Foul Ball, location: 2F
2-2: Foul Ball, location: 2F
2-2: Strikes out looking
Bottom of the 8th over - 0 run(s), 0 hit(s), 0 error(s), 0 left on base; Gainesville 3 - Santa Fe 1
TOP OF THE 9TH
Gainesville Guidos batting - Pitching for Santa Fe Diablos : RHP Larry Jenkins
Pitching: RHP Manuel Zarate
Batting: RHB Iván Moreno 0-0: Ball
1-0: Swinging Strike
1-1: Foul Ball, location: 2F
1-2: Foul Ball, location: 2F
1-2: Strikes out swinging
Batting: RHB Tetsunori Ito 0-0: Swinging Strike
0-1: Ball
1-1: Ball
2-1: Foul Ball, location: 2F
2-2: Strikes out swinging
Batting: LHB Mark Owens 0-0: Called Strike
0-1: Swinging Strike
0-2: Ball
1-2: SINGLE (Line Drive, 9S)
Batting: RHB Kyle O'Day 0-0: Swinging Strike
0-1: Called Strike
0-2: Strikes out swinging
Top of the 9th over - 0 run(s), 1 hit(s), 0 error(s), 1 left on base; Gainesville 3 - Santa Fe 1
BOTTOM OF THE 9TH
Santa Fe Diablos batting - Pitching for Gainesville Guidos : RHP Josh Higgins
Pitching: RHP Juan Mora
Now in CF: Mark McDonald
Batting: RHB Lee Price 0-0: Fly out, F6 (Line Drive, 6)
Batting: RHB José Alvarado 0-0: Foul Ball, location: 2F
0-1: Fly out, F6 (Line Drive, 6M)
Batting: LHB Roberto Lozano 0-0: Called Strike
0-1: Called Strike
0-2: Foul Ball, location: 2F
0-2: Strikes out swinging
Bottom of the 9th over - 0 run(s), 0 hit(s), 0 error(s), 0 left on base; Gainesville 3 - Santa Fe 1
This league is powered by Out of the Park Baseball, the baseball management simulation game for PC, Mac and Linux
Tuesday, August 2nd, 2016 - OOTP Baseball 16.8 Build 38